Map: Ephemeron LE

Players

Methodape

  • Race: Terran Terran
  • League: Master
  • Spawn Location: 11:00

A.I. 1 (Very Hard) - Winner!

  • Race: Protoss Protoss
  • Spawn Location: 5:00

VOD

Have the link to the VOD?

Description

Time

  • Played on: Sept. 4, 2019, 12:25 p.m.
  • Length: 8:21
Show
View Real Time Build Order
Export as new Build Order

Methodape Terran 

Build Orders: Cyclone Opening, Gas First Reaper Expand, Mech 

Get SALT Encoding   

  12  0:01  SCV  
  13  0:13  SCV  
  14  0:17  Supply Depot  
  14  0:25  SCV  
  14  0:28  Refinery  
  15  0:39  SCV  
  16  0:45  Barracks  
  16  0:51  SCV  
  17  1:03  SCV  
  18  1:15  SCV  
  19  1:32  Reaper  
  20  1:33  Orbital Command  
  20  1:48  Command Center  
  20  2:00  SCV  
  21  2:05  Factory  
  21  2:06  Barracks Tech Lab  
  21  2:12  Refinery  
  21  2:16  SCV  
  21  2:22  Supply Depot  
  22  2:28  SCV  
  23  2:34  Barracks Reactor  
  23  2:44  SCV  
  24  2:56  Cyclone, SCV  
  28  3:02  Orbital Command  
  28  3:09  SCV  
  28  3:11  Engineering Bay  
  28  3:12  Marine x2  
  31  3:20  Starport  
  31  3:24  Bunker  
  31  3:25  SCV  
  32  3:29  SCV  
  33  3:37  SCV  
  34  3:42  Widow Mine, Supply Depot  
  34  3:43  Widow Mine  
  34  3:45  SCV  
  39  3:52  SCV  
  39  3:53  Missile Turret  
  39  3:55  Refinery  
  40  3:58  Medivac  
  40  4:00  SCV  
  43  4:04  Widow Mine  
  43  4:05  SCV  
  46  4:11  Widow Mine  
  46  4:14  SCV  
  49  4:17  Refinery  
  49  4:18  SCV  
  49  4:20  Supply Depot  
  50  4:27  Supply Depot  
  50  4:28  SCV  
  50  4:30  Starport Tech Lab  
  51  4:34  SCV  
  52  4:40  SCV  
  53  4:46  Siege Tank  
  53  4:48  Factory, SCV  
  53  4:49  Raven  
  59  4:53  SCV  
  60  5:01  SCV  
  60  5:05  SCV  
  62  5:12  Barracks Reactor  
  62  5:13  SCV  
  63  5:16  Factory  
  63  5:19  Siege Tank  
  66  5:23  Supply Depot  
  66  5:27  Supply Depot  
  66  5:31  SCV  
  66  5:32  SCV  
  64  5:37  Hellion x2  
  64  5:41  Armory  
  62  5:43  Supply Depot  
  62  5:44  SCV x2  
  64  5:52  Factory  
  64  5:56  Siege Tank  
  67  5:58  Barracks Tech Lab  
  67  6:01  SCV  
  68  6:04  SCV  
  68  6:06  Ghost Academy  
  68  6:07  Hellion x3  
  68  6:08  Supply Depot  
  75  6:15  Hellion  
  77  6:20  SCV  
  77  6:23  SCV  
  79  6:27  Supply Depot  
  79  6:30  Siege Tank, Hellion x2  
  88  6:34  Supply Depot  
  88  6:43  Siege Tank  
  88  6:44  Hellion  
  95  6:51  SCV  
  95  6:52  SCV  
  97  6:55  Hellion x3  
  103  7:04  Supply Depot  
  105  7:08  Hellion  
  105  7:09  Unknown  
  107  7:16  Hellion  
  107  7:17  Hellion  
  107  7:19  Hellion  
  113  7:25  Siege Tank  
  113  7:28  Supply Depot  
  116  7:31  Hellion  
  116  7:36  Siege Tank  
  121  7:39  Supply Depot  
  121  7:41  Hellion x2  
  121  7:42  Unknown  
  125  7:45  Hellion  
  127  7:52  Hellion  
  140  8:15  Supply Depot  
Show
View Real Time Build Order
Export as new Build Order

A.I. 1 (Very Hard) Protoss - Winner!

Build Orders: Zealot Archon 

Get SALT Encoding   

  12  0:00  Probe  
  13  0:13  Probe  
  14  0:20  Pylon  
  14  0:25  Probe  
  15  0:34  Probe  
  15  0:42  Probe  
  16  0:48  Assimilator  
  17  0:50  Gateway  
  17  0:52  Probe  
  18  1:00  Pylon, Probe  
  18  1:08  Probe  
  20  1:18  Probe  
  21  1:36  Gateway  
  21  1:39  Probe, Zealot  
  24  1:41  Cybernetics Core  
  24  1:48  Pylon  
  24  1:51  Probe  
  25  1:57  Zealot  
  25  2:03  Assimilator  
  27  2:09  Probe  
  27  2:19  Warp Gate  
  27  2:21  Probe  
  28  2:23  Adept  
  28  2:26  Adept  
  32  2:33  Probe  
  33  2:38  Robotics Facility  
  33  2:45  Probe  
  33  2:51  Adept  
  34  2:53  Adept  
  38  3:02  Probe  
  38  3:03  Pylon  
  39  3:17  Sentry  
  39  3:23  Adept  
  43  3:28  Probe  
  43  3:31  Immortal  
  47  3:38  Pylon  
  47  3:52  Stalker  
  47  3:56  Stalker  
  47  4:02  Pylon  
  51  4:15  Immortal  
  55  4:20  Probe  
  56  4:30  Twilight Council  
  56  4:50  Pylon  
  56  5:09  Templar Archives  
  56  5:19  Gateway, Zealot  
  58  5:26  Nexus  
  45  5:37  Probe  
  46  5:46  High Templar  
  46  5:49  Probe, High Templar  
  51  5:55  Archon  
  51  6:01  Probe  
  52  6:12  Probe  
  52  6:18  High Templar  
  55  6:20  Probe  
  56  6:28  Probe  
  57  6:36  Probe  
  57  6:40  Probe  
  57  6:44  Probe  
  57  6:46  High Templar  
  61  6:49  Assimilator  
  61  6:51  Assimilator  
  61  6:53  Probe  
  63  6:56  Probe  
  63  6:57  Stalker  
  66  7:05  Probe, Stalker  
  66  7:08  Archon, Probe  
  70  7:17  Probe  
  70  7:20  Probe  
  72  7:26  High Templar  
  72  7:29  Probe  
  75  7:31  Pylon  
  75  7:32  Probe  
  76  7:40  High Templar  
  76  7:41  Probe  
  79  7:44  Probe  
  79  7:47  Observer  
  81  7:51  Stalker  
  81  7:53  Probe  
  81  7:56  Probe  
  85  7:59  Pylon  
  85  8:02  Archon  
  85  8:05  Probe  
  86  8:06  High Templar  
  86  8:08  Probe  
  89  8:19  High Templar  
Tags
 
Add a new tag
Caveats
  • Supply blocks, unpowered buildings, or Contaminate may cause inaccurate times.
  • Supply counts are checked every 10 seconds.